 Dungeon Crawl Stone Soup version 0.31.0-11-ge490571c62 (webtiles) character file.

Game seed: 14017433594870900433

109 qw the Skirmisher (level 4, 0/25 HPs)
             Began as a Deep Elf Hunter on Feb 3, 2024.
             Slain by a hobgoblin (1 damage)
             ... on level 2 of the Dungeon.
             The game lasted 00:00:35 (1714 turns).

qw the Skirmisher (Deep Elf Hunter)                 Turns: 1714, Time: 00:00:36

Health: 0/25       AC:  3    Str: 10    XL:     4   Next: 59%
Magic:  6/6        EV: 17    Int: 14    God:
Gold:   78         SH:  0    Dex: 18    Spells: 3/3 levels left

rFire   . . .        a - +1 shortbow
rCold   . . .        (shield currently unavailable)
rNeg    . . .        c - +0 leather armour
rPois   .            (no helmet)
rElec   .            (no cloak)
rCorr   .            (no gloves)
SInv    .            (no boots)
Will    .....        (no amulet)
Stlth   ++           f - +5 ring of evasion
HPRegen 0.24/turn    (no ring)
MPRegen 0.10/turn

%: no passive effects
@: no status effects
A: no striking features
a: no special abilities


You were on level 2 of the Dungeon.
You visited 1 branch of the dungeon, and saw 3 of its levels.

You collected 78 gold pieces.


   Skills:
 - Level 1.5 Fighting
 + Level 8.0 Ranged Weapons
 - Level 2.4 Dodging
 - Level 1.2 Stealth


You had 3 spell levels left.
You didn't know any spells.
Your spell library was empty.

Inventory:

Hand Weapons
 a - a +1 shortbow (weapon)
Armour
 c - a +0 leather armour (worn)
Jewellery
 f - a +5 ring of evasion (left hand)
Potions
 d - a potion of haste
 l - a potion of mutation {unknown}

Dungeon Overview and Level Annotations

Branches:
Dungeon (3/15)

Altars:


Message History

A puff of flame appears from out of thin air!
The puff of flame hits you! The hobgoblin completely misses you.
You hear some strange, mumbled words.
A magic dart appears from out of thin air!
The magic dart hits you.
1707 ||| DRINKING potion of heal wounds.
You feel much better. The hobgoblin closely misses you. Something hits you.
The hobgoblin closely misses you. Something hits you but does no damage.
You feel less confused. The hobgoblin completely misses you.
You hear some strange, mumbled words.
Something tries to affect you, but you resist.
You shoot an arrow. The arrow hits the hobgoblin.
The hobgoblin is severely wounded.
The hobgoblin closely misses you.
You hear some strange, mumbled words.
A puff of flame appears from out of thin air!
The puff of flame misses you.
You shoot an arrow. The arrow barely misses the hobgoblin.
The hobgoblin closely misses you.
You hear some strange, mumbled words.
A puff of flame appears from out of thin air!
The puff of flame hits you!
You shoot an arrow. The arrow closely misses the hobgoblin.
The hobgoblin closely misses you.
You hear some strange, mumbled words.
A magic dart appears from out of thin air!
The magic dart hits you!
You shoot an arrow. The arrow hits the hobgoblin.
The hobgoblin is almost dead.
The hobgoblin closely misses you.
You hear some strange, mumbled words.
A puff of flame appears from out of thin air!
The puff of flame misses you.
You shoot an arrow.
The arrow completely misses the hobgoblin.
The hobgoblin hits you.
You die...

.####.#.###
#.#.########## .#
#.#..# #.#.# .#
#.##.## #.#.#
.####.##..## #.#.#
...........# #.#.#
.........#.###.#.#
.........#..##..)#
.........##...#){#
....!....####..g@#
.........# ######
.........#
##########


You could see a hobgoblin.

Vanquished Creatures
  Jessica (D:2)
  3 adders (D:2)
  5 dart slugs
  3 orcs (D:2)
  3 bats (D:1)
  2 endoplasms (D:2)
  2 giant cockroaches (D:2)
  5 goblins
  6 hobgoblins
  A quokka (D:2)
  4 ball pythons (D:2)
  A frilled lizard (D:1)
  2 kobolds (D:1)
  2 rats
40 creatures vanquished.

Notes
Turn   | Place    | Note
-------+----------+-------------------------------------------
     0 | D:1      | qw the Deep Elf Hunter began the quest for the Orb.
     0 | D:1      | Reached XP level 1. HP: 12/12 MP: 3/3
     0 | D:1      | 0 ||| qw: Version: 0.3-a-155-g5e7d8dd
     0 | D:1      | 0 ||| qw: Game counter: 3363
     0 | D:1      | 0 ||| qw: Melee chars always use a shield: true
     0 | D:1      | 0 ||| qw: God list: Okawaru
     0 | D:1      | 0 ||| qw: Allow faded altars: false
     0 | D:1      | 0 ||| qw: Do Orc after clearing Dungeon:15 true
     0 | D:1      | 0 ||| qw: Do second Lair branch before Depths: true
     0 | D:1      | 0 ||| qw: Lair rune preference: random
     0 | D:1      | 0 ||| qw: Goals: Normal
     0 | D:1      | 0 ||| PLANNING D:1-11
   322 | D:1      | Reached skill level 6 in Ranged Weapons
   322 | D:1      | Reached XP level 2. HP: 16/16 MP: 4/4
   488 | D:1      | You fall into a shaft and drop 1 floor!
   513 | D:2      | 513 ||| UPGRADING to +5 ring of evasion.
   514 | D:2      | 514 ||| READING scroll labelled FEMMOF NASON.
   515 | D:2      | 515 ||| READING scroll labelled UKICUAMNUSS.
   516 | D:2      | 516 ||| READING scroll labelled EMATAV URUESYMM.
   516 | D:2      | 516 ||| IDENTIFYING ruby potion
   517 | D:2      | 517 ||| DROPPING scroll of butterflies.
   847 | D:1      | 847 ||| READING 3 scrolls of identify.
   847 | D:1      | 847 ||| IDENTIFYING 3 scrolls labelled YTAGIE ITSUPS
   848 | D:1      | 848 ||| DROPPING 3 scrolls of fog.
   930 | D:2      | Reached XP level 3. HP: 9/20 MP: 5/5
  1056 | D:2      | Reached skill level 7 in Ranged Weapons
  1086 | D:2      | Identified the +1 spear "Cecuf" {protect, rPois rF+ rCorr
                  | Dex+3}
  1198 | D:2      | 1198 ||| FLEEEEING.
  1201 | D:2      | 1201 ||| FLEEEEING.
  1343 | D:2      | Noticed Jessica
  1348 | D:2      | Killed Jessica
  1349 | D:2      | Reached XP level 4. HP: 25/25 MP: 6/6
  1648 | D:2      | 1648 ||| READING 2 scrolls of identify.
  1648 | D:2      | 1648 ||| IDENTIFYING emerald potion
  1649 | D:2      | 1649 ||| READING scroll of identify.
  1649 | D:2      | 1649 ||| IDENTIFYING puce potion
  1650 | D:2      | 1650 ||| READING scroll labelled RYFEYTS TAIZ.
  1650 | D:2      | 1650 ||| ENCHANTING +0 shortbow.
  1651 | D:2      | 1651 ||| READING scroll labelled PILYABR WUEN.
  1652 | D:2      | 1652 ||| DRINKING 2 grey potions.
  1653 | D:2      | 1653 ||| DROPPING potion of invisibility.
  1654 | D:2      | 1654 ||| DROPPING potion of lignification.
  1671 | D:3      | 1671 ||| STAIRDANCE
  1674 | D:2      | Reached skill level 8 in Ranged Weapons
  1690 | D:3      | 1690 ||| STAIRDANCE
  1694 | D:2      | 1694 ||| DRINKING gluggy clear potion.
  1706 | D:2      | HP: 2/25 [something/magic dart (6)]
  1707 | D:2      | 1707 ||| DRINKING potion of heal wounds.
  1712 | D:2      | HP: 1/25 [something/magic dart (9)]
  1714 | D:2      | Slain by a hobgoblin

Levels and vault maps discovered:
D:1:      saegor_arrival_simple_c, layout_loops_corners, reono_crystal_passage
D:2:      layout_basic, chequers_serial_rivers_micro_b, minmay_misc_feat_iff,
          uniq_jessica
D:3:      layout_rooms, serial_shops, nicolae_shop_peninsula, uniq_robin,
          uniq_grinder

Skill      XL: |  1  2  3  4 |
---------------+-------------+-----
Ranged Weapons | 6 7 8 |  8.0
Fighting       | |  1.5
Dodging        | |  2.4
Stealth        | |  1.2

Action                     |  1- 3 |  4- 6 || total
---------------------------+-------+-------++-------
   Fire: Shortbow          |   105 |    32 ||   137
    Use: Scroll            |     4 |     4 ||     8
         Potion            |       |     3 ||     3
 Armour: Leather armour    |    14 |    16 ||    30
  Dodge: Dodged            |    24 |    46 ||    70

Table legend:
 A = Non-vault XP
 B = Vault XP
 C = Vault XP percentage of total XP
 D = Non-vault monster count
 E = Vault monster count
 F = Vault count percentage of total count
                 A         B        C        D         E       F
            +---------+---------+-------+---------+---------+-------
      Total |     119 |      37 |  23.7 |      39 |       1 |   2.5
            +---------+---------+-------+---------+---------+-------
        D:1 |      40 |       0 |   0.0 |      18 |       0 |   0.0
        D:2 |      79 |      37 |  31.9 |      21 |       1 |   4.5
            +---------+---------+-------+---------+---------+-------
